 Dungeon Crawl Stone Soup version 0.21-a0-414-gba8bdf1 (webtiles) character file.

623 trolface1997 the Grave Robber (level 7, -4/51 HPs)
             Began as a Vampire Necromancer on Nov 2, 2017.
             Slain by a slave (5 damage)
             ... led by Pikel
             ... on level 4 of the Dungeon.
             The game lasted 00:51:03 (6523 turns).

trolface1997 the Grave Robber (Vampire Necromancer) Turns: 6523, Time: 00:51:04

Health: -4/51      AC:  4    Str:  8    XL:     7   Next: 22%
Magic:  11/11      EV: 12    Int: 19    God:
Gold:   166        SH:  5    Dex: 18    Spells: 7/12 levels left

rFire    . . .     SeeInvis +   q - +2 rapier
rCold    + + .     Gourm    .   s - +0 buckler
rNeg     + + .     Faith    .   u - +0 leather armour {rC+}
rPois    +         Spirit   .   n - +0 helmet
rElec    .         Reflect  .   (no cloak)
rCorr    .         Harm     .   (no gloves)
MR       .....                  (no boots)
Stlth    +++.......             (no amulet)
HPRegen  0.08/turn              d - +4 ring of dexterity
MPRegen  0.12/turn              t - ring of see invisible

@: regenerating slowly
A: fangs 3, see invisible, unbreathing
a: Bat Form


You were on level 4 of the Dungeon.
You were thirsty.

You visited 1 branch of the dungeon, and saw 5 of its levels.

You collected 166 gold pieces.

Inventory:

Hand Weapons
 q - a +2 rapier (weapon)
Missiles
 a - 4 javelins (quivered)
 r - 22 sling bullets
Armour
 n - a +0 helmet (worn)
 p - a +3 chain mail of cold resistance
 s - a +0 buckler (worn)
 u - a +0 leather armour of cold resistance (worn)
Jewellery
 d - a +4 ring of dexterity (left hand)
 t - a ring of see invisible (right hand)
Wands
 h - a wand of polymorph (11/24)
Scrolls
 k - a scroll of remove curse {unknown}
Potions
 c - a potion of blood
 e - a potion of degeneration {unknown}
 f - a potion of resistance
 g - a potion of magic {unknown}
 j - 2 potions of curing
 m - a potion of agility
Books
 b - a book of Necromancy

   Spells                             Type                      Level
   a - Pain                           Necromancy                   1
   b - Animate Skeleton               Necromancy                   1
   c - Vampiric Draining              Necromancy                   3
   d - Regeneration                   Charms/Necromancy            3
   e - Animate Dead                   Necromancy                   4
   f - Control Undead                 Necromancy                   4
 l - a book of Frost

   Spells                             Type                      Level
   a - Freeze                         Ice                          1
   b - Throw Frost                    Conjuration/Ice              2
   c - Ozocubu's Armour               Charms/Ice                   3
   d - Throw Icicle                   Conjuration/Ice              4
   e - Summon Ice Beast               Ice/Summoning                4


   Skills:
 + Level 2.6 Fighting
 + Level 2.6 Short Blades
 * Level 3.3 Armour
 - Level 2.2 Dodging
 - Level 3.6 Stealth
 + Level 1.9 Shields
 + Level 3.1 Spellcasting
 + Level 5.5 Necromancy


You had 7 spell levels left.
You knew the following spells:

 Your Spells              Type           Power        Failure   Level  Hunger
a - Pain                  Necr           ###.         3%          1    None
b - Animate Skeleton      Necr           N/A          3%          1    None
c - Regeneration          Chrm/Necr      ##........   26%         3    ###....


Dungeon Overview and Level Annotations

Branches:
Dungeon (5/15)
 Temple: D:4-7

Altars:
Elyvilon
The Shining One

Annotations:
D:4 Pikel


Innate Abilities, Weirdness & Mutations

You heal slowly.
You have razor-sharp teeth.
You have supernaturally acute eyesight. (SInv)
You can survive without breathing.


Message History

Pikel is moderately wounded.
You block Pikel's attack. The slave hits you.
* * * LOW HITPOINT WARNING * * *
You block the slave's attack.
You hit Pikel but do no damage.
Pikel is lightly wounded.
You block Pikel's attack. The slave hits you.
* * * LOW HITPOINT WARNING * * *
The slave barely misses you.
You hit Pikel.
Pikel is moderately wounded.
Pikel barely misses you. The slave misses you. The slave barely misses you.
You miss Pikel. You bite Pikel, but do no damage.
Pikel is moderately wounded.
You block Pikel's attack. The slave hits you but does no damage.
The slave barely misses you. You block Pikel's attack.
You hit Pikel but do no damage.
Pikel is moderately wounded.
The slave hits you.
You die...

#....#.#.##...#.#.##.# #
#....#.....##.#......#
##....##.#.##.##...###
...##....#.##......#
...###.###.######..#
...........#####...#
...##.............##
###..)......####..#
######..#....p@###.#
########..###.##pKp..#.
.......#........p....'..
.......#.#....##.#####..pp
.......#.#.#####.#


.pp .......#.#.# #.# .... .......#[#.#####.#####p... .......'.#.......#......#
.......###.....Kp#..K...# You could see Pikel and 4 slaves.

Vanquished Creatures
  Eustachio (D:4)
  A howler monkey (D:4)
  A crimson imp (D:3)
  A hound (D:4)
  An orc priest (D:4)
  An iguana (D:4)
  Terence (D:2)
  Natasha (thrice) (D:2)
  An orc wizard (D:4)
  2 worker ants
  Robin (D:3)
  A gnoll (D:1)
  3 adders
  2 oozes
  2 worms (D:3)
  2 dart slugs
  2 leopard geckos
  13 orcs
  3 giant cockroaches
  15 goblins
  12 hobgoblins
  6 jackals (D:3)
  4 kobolds
  A quokka (D:2)
  2 ball pythons
  4 bats
  3 frilled lizards
  7 rats
96 creatures vanquished.

Vanquished Creatures (collateral kills)
  A giant cockroach (D:1)
  2 jackals (D:4)
3 creatures vanquished.

Grand Total: 99 creatures vanquished

Notes
Turn   | Place    | Note
-------+----------+-------------------------------------------
     0 | D:1      | trolface1997 the Vampire Necromancer began the quest for the Orb.
     0 | D:1      | Reached XP level 1. HP: 13/13 MP: 3/3
     3 | D:1      | Learned a level 1 spell: Animate Skeleton
   148 | D:1      | Reached XP level 2. HP: 15/20 MP: 0/5
   471 | D:1      | Reached skill level 1 in Armour
   824 | D:1      | Reached XP level 3. HP: 23/25 MP: 2/6
   868 | D:1      | Learned a level 3 spell: Regeneration
   882 | D:1      | Found a glowing golden altar of the Shining One.
  1358 | D:2      | Reached skill level 1 in Fighting
  1601 | D:2      | Noticed Terence
  1607 | D:2      | Killed Terence
  1607 | D:2      | Reached XP level 4. HP: 26/32 MP: 0/7
  1759 | D:2      | Reached skill level 1 in Short Blades
  1977 | D:2      | Noticed Natasha
  1983 | D:2      | Killed Natasha
  2093 | D:2      | Noticed Natasha
  2103 | D:2      | Killed Natasha
  2103 | D:2      | Reached XP level 5. HP: 12/37 MP: 0/8
  2597 | D:2      | Reached skill level 5 in Necromancy
  2631 | D:2      | Noticed Natasha
  2692 | D:2      | Killed Natasha
  2899 | D:2      | Learned a level 3 spell: Regeneration
  3513 | D:3      | Noticed Robin
  3521 | D:3      | Killed Robin
  4436 | D:3      | Reached skill level 1 in Shields
  4436 | D:3      | Reached XP level 6. HP: 38/44 MP: 8/10
  4653 | D:3      | Found a white marble altar of Elyvilon.
  5051 | D:5      | Entered Level 5 of the Dungeon
  5369 | D:4      | Noticed Eustachio
  5404 | D:4      | Killed Eustachio
  5404 | D:4      | Reached XP level 7. HP: 30/51 MP: 6/11
  5916 | D:4      | Noticed Pikel
  6520 | D:4      | HP: 1/51 [slave[Pikel] (6)]
  6523 | D:4      | Slain by a slave

Vault maps used:
D:1:      dpeg_arrival_leaves_temple_mockup, tso_altar
D:2:      first_bread, uniq_natasha, uniq_terence
D:3:      nicolae_overflow_crystal_walls, uniq_robin
D:4:      uniq_eustachio, uniq_pikel
D:5:      kennysheep_little_box, minmay_temple_entry_statues_pillars

Skill      XL: |  1  2  3  4  5  6 |
---------------+-------------------+-----
Armour         | 1 2 3 |  3.3
Fighting       | 1 2 |  2.6
Short Blades   | 1 2 |  2.6
Necromancy     | 5 |  5.5
Shields        | 1 |  1.9
Spellcasting   | 3 |  3.1
Dodging        | |  2.2
Stealth        | |  3.6

Action                   |  1- 3 |  4- 6 |  7- 9 || total
-------------------------+-------+-------+-------++-------
Melee: Club              |     9 |       |       ||     9
       Bite              |     1 |     9 |     6 ||    16
       Short sword       |     6 |       |       ||     6
       Rapier            |       |   107 |    42 ||   149
 Cast: Pain              |    50 |   113 |    17 ||   180
       Animate Skeleton  |     2 |     8 |       ||    10
       Regeneration      |       |     2 |       ||     2
  Use: Potion            |     1 |     5 |     1 ||     7
       Scroll            |       |    10 |     1 ||    11
 Stab: Sleeping          |     1 |       |       ||     1
       Distracted        |       |     1 |       ||     1
  Eat: Corpse            |     1 |     8 |     2 ||    11
Armor: Robe              |     2 |       |       ||     2
       Leather armour    |     1 |    29 |     5 ||    35
       Skin              |       |     1 |       ||     1
Dodge: Dodged            |    15 |    73 |    22 ||   110
Block: Buckler           |       |    17 |    12 ||    29

Table legend:
 A = Spawn XP
 B = Non-spawn XP
 C = Spawn XP percentage of total XP
 D = Spawn monster count
 E = Non-spawn monster count
 F = Spawn count percentage of total count
 G = Total turns spent on level
                    A         B        C        D         E        F      G
               +---------+---------+-------+---------+---------+-------+---------
         Total |       0 |     891 |   0.0 |       0 |      99 |   0.0 |  6523
               +---------+---------+-------+---------+---------+-------+---------
           D:1 |       0 |      51 |   0.0 |       0 |      20 |   0.0 |  1353
           D:2 |       0 |     232 |   0.0 |       0 |      30 |   0.0 |  2552
           D:3 |       0 |     162 |   0.0 |       0 |      34 |   0.0 |  1134
           D:4 |       0 |     446 |   0.0 |       0 |      15 |   0.0 |  1480
               +---------+---------+-------+---------+---------+-------+---------
